 Dungeon Crawl Stone Soup version 0.21.1-1-g345015f (webtiles) character file.

1046 Fang the Chopper (level 8, -3/49 HPs)
             Began as a Gargoyle Berserker on June 14, 2018.
             Was a Priest of Trog.
             Slain by Fang's ghost (4 damage)
             ... on level 5 of the Dungeon.
             The game lasted 00:06:32 (5776 turns).

Fang the Chopper (Gargoyle Berserker)               Turns: 5776, Time: 00:06:32

Health: -3/49      AC:  8    Str: 23    XL:     8   Next: 25%
Magic:  8/8        EV: 17    Int:  8    God:    Trog [***...]
Gold:   228        SH:  4    Dex: 11    Spells: 7/7 levels left

rFire    . . .     SeeInvis .   a - +0 hand axe
rCold    . . .     Gourm    .   (no shield)
rNeg     + . .     Faith    .   b - +0 animal skin
rPois    ∞         Spirit   .   h - +0 helmet
rElec    +         Reflect  +   (no cloak)
rCorr    .         Harm     .   (no gloves)
MR       .....                  (no boots)
Stlth    ++........             r - +4 amulet of reflection
HPRegen  0.16/turn              t - +4 ring of evasion
MPRegen  0.11/turn              u - +2 ring of dexterity

@: berserk cooldown, slowed, very slow
A: negative energy resistance 1, electricity resistance, unbreathing,
petrification resistance, rot immunity, AC +5
a: Berserk, Trog's Hand, Burn Spellbooks, Renounce Religion


You were on level 5 of the Dungeon.
You worshipped Trog.
Trog was most pleased with you.
You were not hungry.

You visited 1 branch of the dungeon, and saw 5 of its levels.

You collected 228 gold pieces.

Inventory:

Hand Weapons
 a - a +0 hand axe (weapon)
Armour
 b - a +0 animal skin (worn)
 h - a +0 helmet (worn)
Jewellery
 d - an uncursed amulet of the gourmand
 m - an uncursed amulet of rage
 q - an uncursed ring of fire
 r - a +4 amulet of reflection (around neck)
 t - a +4 ring of evasion (left hand)
 u - a +2 ring of dexterity (right hand)
Wands
 g - a wand of digging (16)
Scrolls
 e - a scroll of magic mapping
 s - 3 scrolls of teleportation
 w - a scroll of remove curse
Potions
 j - a potion of curing
 k - a potion of haste
 l - a potion of agility
 p - 2 potions of mutation
Comestibles
 c - 12 rations


   Skills:
 + Level 5.0 Fighting
 + Level 6.6 Axes
 + Level 2.3 Armour
 + Level 4.1 Dodging
 + Level 3.4 Stealth


You had 7 spell levels left.
You didn't know any spells.

Dungeon Overview and Level Annotations

Branches:
Dungeon (5/15)
 Temple: D:4-7

Altars:
Dithmenos
Gozag
Nemelex Xobeh
Qazlal
Ru
Vehumet
Yredelemnul
Zin
The Shining One

Annotations:
D:5 Fang's ghost, novice GrBe


Innate Abilities, Weirdness & Mutations

You are resistant to torment.
Your stone body is resilient. (AC +5)
You are immune to poison.
You resist negative energy. (rN+)
You are resistant to electric shocks. (rElec)
You can survive without breathing.
You are immune to petrification.
You are immune to rotting.


Message History

* * * LOW HITPOINT WARNING * * *
You barely miss Fang's ghost.
Fang's ghost is heavily damaged.
Fang's ghost hits you.
* * * LOW HITPOINT WARNING * * *
You barely miss Fang's ghost.
Fang's ghost is heavily damaged.
Fang's ghost completely misses you.
You barely miss Fang's ghost.
Fang's ghost is heavily damaged.
Fang's ghost hits you.
* * * LOW HITPOINT WARNING * * *
Fang's ghost closely misses you.
You hit Fang's ghost but do no damage.
Fang's ghost is heavily damaged.
Fang's ghost closely misses you.
You barely miss Fang's ghost.
Fang's ghost is heavily damaged.
Fang's ghost hits you.
You die...

#................W....##...#
#.....................##...#
#............###########...#
#......####### .... #....
#......##....##.... .....
#......#.......... ######
#......#........
#......##..W.# ..
#......##..@.##..
#..................
#..................
#..................
#......##...#######
#......##...###..##
#......##...#.....#
#......##...#.....#
#......#....#.....#


You could see Fang's ghost.

Vanquished Creatures
  2 phantoms
  An ice beast (D:5)
  2 ogres
  A scorpion (D:4)
  A crimson imp (D:5)
  4 hounds
  4 orc wizards (D:4)
  A bullfrog skeleton (D:5)
  An iguana (D:5)
  A worker ant (D:4)
  9 adders
  A shadow imp (D:5)
  2 oozes (D:3)
  2 adder skeletons
  A worm (D:3)
  3 dart slugs
  5 leopard geckos
  12 orcs
  7 giant cockroaches
  5 goblins
  4 hobgoblins
  4 jackals
  6 kobolds
  2 quokkas
  A ball python (D:1)
  8 bats
  9 frilled lizards
  A jackal skeleton (D:4)
  A jackal zombie (D:5)
  10 rats
111 creatures vanquished.

Notes
Turn   | Place    | Note
-------+----------+-------------------------------------------
     0 | D:1      | Fang the Gargoyle Berserker began the quest for the Orb.
     0 | D:1      | Reached XP level 1. HP: 14/14 MP: 1/1
   586 | D:1      | Reached skill level 3 in Axes
   586 | D:1      | Reached XP level 2. HP: 19/19 MP: 2/2
   953 | D:1      | Reached XP level 3. HP: 21/23 MP: 3/3
   993 | D:1      | Reached ** piety under Trog
  1134 | D:2      | Reached skill level 1 in Stealth
  1264 | D:2      | Reached XP level 4. HP: 28/28 MP: 4/4
  1270 | D:2      | Found a stormy altar of Qazlal.
  2019 | D:3      | Found a sparkling altar of Nemelex Xobeh.
  2019 | D:3      | Found an opulent altar of Gozag.
  2585 | D:3      | Found a sacrificial altar of Ru.
  2595 | D:3      | Reached XP level 5. HP: 19/33 MP: 5/5
  2597 | D:3      | Reached skill level 4 in Axes
  3265 | D:4      | Reached *** piety under Trog
  3291 | D:4      | Reached XP level 6. HP: 38/38 MP: 6/6
  3555 | D:4      | Found a shadowy altar of Dithmenos.
  3555 | D:4      | Noticed a phantom
  3837 | D:4      | Killed a phantom
  3837 | D:4      | Reached skill level 5 in Axes
  3990 | D:4      | Found a basalt altar of Yredelemnul.
  4026 | D:4      | Found a glowing golden altar of the Shining One.
  4028 | D:4      | Noticed an angel
  4098 | D:4      | Reached XP level 7. HP: 40/43 MP: 7/7
  4418 | D:4      | Found a radiant altar of Vehumet.
  4420 | D:4      | Found a glowing silver altar of Zin.
  4595 | D:5      | Entered Level 5 of the Dungeon
  4606 | D:5      | Reached skill level 6 in Axes
  4930 | D:5      | Reached XP level 8. HP: 34/48 MP: 8/8
  5309 | D:5      | Reached skill level 5 in Fighting
  5424 | D:5      | Noticed Fang's ghost (novice GrBe)
  5771 | D:5      | HP: 2/49 [Fang's ghost (2)]
  5776 | D:5      | Slain by Fang's ghost

Skill      XL: |  1  2  3  4  5  6  7  8 |
---------------+-------------------------+-----
Axes           | 3 4 5 6 |  6.6
Stealth        | 1 2 3 |  3.4
Dodging        | 2 3 4 |  4.1
Fighting       | 4 5 |  5.0
Armour         | |  2.3

Action                   |  1- 3 |  4- 6 |  7- 9 || total
-------------------------+-------+-------+-------++-------
Melee: Hand axe          |   108 |   253 |   165 ||   526
Invok: Berserk           |     1 |     5 |     5 ||    11
  Use: Scroll            |       |     7 |     3 ||    10
       Potion            |       |       |     7 ||     7
 Stab: Sleeping          |     1 |     4 |     2 ||     7
       Distracted        |     1 |       |       ||     1
  Eat: Chunk             |     1 |    15 |     8 ||    24
       Ration            |       |       |     1 ||     1
Armor: Animal skin       |    56 |    79 |    27 ||   162
Dodge: Dodged            |    77 |   222 |    96 ||   395
Block: Other             |       |       |    26 ||    26
